 Dungeon Crawl Stone Soup version 0.30-a0-553-g7fabdf1491 (webtiles) character file.

Game seed: 5515756506073505843

9055 scionoferis the Covert (level 11, -2/54 HPs)
             Began as a Kobold Summoner on Dec 26, 2022.
             Was an Elder of Dithmenos.
             Slain by a yak (9 damage)
             ... on level 9 of the Dungeon.
             The game lasted 00:39:57 (11863 turns).

scionoferis the Covert (Kobold Summoner)           Turns: 11863, Time: 00:39:58

Health: -2/54      AC:  8    Str: 10    XL:     11   Next: 67%
Magic:  0/19       EV: 20    Int: 17    God:    Dithmenos [****..]
Gold:   492        SH:  0    Dex: 15    Spells: 9/20 levels left

rFire   . . .      SeeInvis .    a - +2 rapier (venom)
rCold   . . .      Faith    .    (no shield)
rNeg    . . .      Spirit   +    G - +0 acid dragon scales
rPois   +          Reflect  .    e - +0 helmet
rElec   .          Harm     .    (no cloak)
rCorr   +          Rampage  .    (no gloves)
Will    .....                    (no boots)
Stlth   ++++++++                 o - amulet of guardian spirit
HPRegen 0.29/turn                K - ring of poison resistance
MPRegen 0.16/turn                B - +4 ring of evasion

@: wreathed by umbra, studying Polearms
A: small, no large weapons, nightstalker 3
a: Renounce Religion, Shadow Step


You were on level 9 of the Dungeon.
You worshipped Dithmenos.
Dithmenos was greatly pleased with you.
You visited 2 branches of the dungeon, and saw 11 of its levels.

You collected 492 gold pieces.


Innate Abilities, Weirdness & Mutations

You are small and have problems with some larger weapons.
You are completely attuned to the shadows.


   Skills:
 + Level 10.0 Short Blades
 + Level 3.8 Armour
 + Level 6.1 Dodging
 + Level 11.3 Stealth
 + Level 5.4 Spellcasting
 - Level 4.0 Hexes
 - Level 9.0 Summonings
 - Level 6.0 Air Magic


You had 9 spell levels left.
You knew the following spells:

 Your Spells              Type           Power      Damage    Failure   Level
a - Summon Small Mammal   Summ           100%       N/A       1%          1
b - Call Canine Familiar  Summ           35%        N/A       1%          3
c - Summon Guardian Gole  Hex/Summ       26%        N/A       4%          3
d - Summon Lightning Spi  Summ/Air       30%        N/A       10%         4

Your spell library contained the following spells:

 Spells                   Type           Power      Damage    Failure   Level
 Call Imp                 Summ           35%        N/A       1%          2
 Poisonous Vapours        Pois/Air       28%        N/A       10%         2
 Tukima's Dance           Hex            18%        N/A       12%         3
 Foxfire                  Conj/Fire      16%        2x1d4     22%         1
 Sting                    Tmut/Pois      16%        1d3       22%         1
 Kindle Blastsparks       Fire/Tloc/Air  22%        2d11      28%         3
 Ozocubu's Armour         Ice            4%         N/A       54%         3
 Fulminant Prism          Conj/Hex       5%         3d7       67%         4
 Iskenderun's Mystic Bla  Conj/Tloc      4%         2d3       91%         4
 Olgreb's Toxic Radiance  Pois           4%         N/A       91%         4
 Passage of Golubria      Tloc           4%         N/A       91%         4
 Metabolic Englaciation   Hex/Ice        5%         N/A       95%         5
 Yara's Violent Unravell  Hex/Tmut       5%         3d4       95%         5
 Fireball                 Conj/Fire      2%         3d4       99%         5
 Lee's Rapid Deconstruct  Erth           2%         3d4*      99%         5
 Simulacrum               Ice/Necr       2%         N/A       100%        6
 Starburst                Conj/Fire      2%         6d3       100%        6

Inventory:

Hand Weapons
 a - a +2 rapier of venom (weapon)
   (You acquired it on level 9 of the Dungeon)
 b - a +0 arbalest
   (You found it on level 6 of the Dungeon)
 d - a +3 dagger of venom
   (You took it off a kobold on level 5 of the Dungeon)
 h - a +0 falchion of holy wrath
   (You took it off Eustachio on level 5 of the Dungeon)
 v - a +0 rapier
   (You found it on level 4 of the Dungeon)
 V - a +2 short sword of draining
   (You took it off a kobold on level 9 of the Dungeon)
Missiles
 i - 32 poisoned darts (quivered)
 m - 4 atropa-tipped darts
 u - a throwing net
Armour
 e - a +0 helmet (worn)
   (You found it on level 1 of the Dungeon)
 z - the +0 robe of Courage {rC+}
   (You took it off a centaur on level 5 of the Dungeon)

   rC:        It protects you from cold.
 G - +0 acid dragon scales (worn)
   (You took it off Maggie on level 6 of the Dungeon)
 R - +0 steam dragon scales
   (You found it on level 8 of the Dungeon)
Magical Staves
 j - a staff of earth
   (You found it on level 1 of the Dungeon)
Jewellery
 k - a ring of wizardry
   (You found it on level 1 of the Dungeon)
 o - an amulet of guardian spirit (around neck)
   (You found it on level 2 of the Dungeon)
 y - an amulet of faith
   (You took it off a centaur on level 5 of the Dungeon)
 B - a +4 ring of evasion (right hand)
   (You found it on level 5 of the Dungeon)
 F - a ring of willpower
   (You found it on level 6 of the Dungeon)
 H - a +6 ring of intelligence
   (You found it on level 6 of the Dungeon)
 K - a ring of poison resistance (left hand)
   (You took it off a centaur on level 7 of the Dungeon)
 S - an amulet of magic regeneration
   (You found it on level 8 of the Dungeon)
Wands
 s - a wand of iceblast (15)
   (You took it off Ijyb on level 3 of the Dungeon)
 I - a wand of flame (10)
   (You found it on level 6 of the Dungeon)
 M - a wand of mindburst (19)
   (You found it on level 8 of the Dungeon)
 N - a wand of digging (6)
   (You found it on level 8 of the Dungeon)
Scrolls
 f - a scroll of fear
 l - 3 scrolls of poison
 n - a scroll of brand weapon
 r - a scroll of identify
 t - 4 scrolls of fog
 x - 2 scrolls of noise
 C - 5 scrolls of teleportation
 D - 2 scrolls of silence
 J - 5 scrolls of amnesia
 P - 2 scrolls of torment
 Q - a scroll of vulnerability
 X - a scroll of immolation
Potions
 c - 3 potions of flight
 g - 2 potions of haste
 p - 6 potions of curing
 q - 2 potions of attraction {unknown}
 w - a potion of invisibility {unknown}
 A - a potion of magic
 E - a potion of cancellation
 L - a potion of brilliance {unknown}
 O - a potion of heal wounds
 T - a potion of degeneration {unknown}
 U - a potion of might {unknown}
Miscellaneous
 W - a tin of tremorstones (2/2)
   (You found it on level 9 of the Dungeon)

Dungeon Overview and Level Annotations

Branches:
Dungeon (10/15)            Temple (1/1) D:4
   Lair: D:8-11         Orc: D:9-12

Altars:
Ashenzari
Cheibriados
Dithmenos
Elyvilon
Fedhas
Gozag
Hepliaklqana
Kikubaaqudgha
Makhleb
Nemelex Xobeh
Okawaru
Qazlal
Ru
Sif Muna
Trog
Uskayaw
Vehumet
Wu Jian
Xom
Yredelemnul
Zin
The Shining One

Shops:
D:2 [ D:3

:
....#.##..#####.)...'...#######
..##..##......#.....#####
.....###........>...# ######
#......#.....# ##########
#......##.#### #.........
#......##.# #.########
#......##Y# #.# #......##Y# #.#
#########@# #.######## #.#
#......... #9############....
#...........##....
###########.##.... #...........
#.###....... #†# ####.... #.#
#....


You could see 2 yaks and a friendly guardian golem (summoned).


Message History

Confirm with . or Enter, or press ? or * to list all spells.
A guardian golem appears, shielding your allies.
Your guardian golem disappears in a puff of smoke!
There is a stone staircase leading up here.
You climb upwards.
There is a stone staircase leading down here.
You see here a +0 dagger.
There is a stone staircase leading down here.
You climb downwards.
There is a stone staircase leading up here.
Magic restored.
Found 2 stones.
r - 11 scrolls labelled XUTTUU PURCHOI (gained 1)
A wolf comes into view.
Found a dark potion.
Found a stone staircase leading up.
An orc comes into view. It is wielding a +0 flail.
Found 3 stones.
The helpless wolf fails to defend itself.
You stick the wolf like a pincushion!!!!
You kill the wolf!
Dithmenos accepts your kill.
An orc comes into view. It is wielding a +0 club.
Found a mace.
An orc wizard comes into view. It is wielding a +0 dagger.
Found 11 gold pieces.
The helpless orc fails to defend itself.
You perforate the orc like a sieve!!!!
You kill the orc!
Dithmenos accepts your kill.
The helpless orc fails to defend itself.
You stick the orc like a pincushion!!!!
You kill the orc!
Dithmenos accepts your kill.
The helpless orc wizard fails to defend itself.
You skewer the orc wizard like a kebab!!!!
You kill the orc wizard!
Dithmenos accepts your kill.
You now have 461 gold pieces (gained 11).
A wolf comes into view.
A wyvern comes into view.
The helpless wyvern fails to defend itself.
You stick the wyvern like a pincushion!!!!
You kill the wyvern!
Dithmenos accepts your kill.
You see here 9 gold pieces.
The helpless wolf fails to defend itself.
You skewer the wolf like a kebab!!!!
You kill the wolf!
Dithmenos accepts your kill.
U - a dark potion You now have 470 gold pieces (gained 9).
A killer bee comes into view.
A killer bee comes into view.
A killer bee comes into view.
Found 2 boomerangs.
The helpless killer bee fails to defend itself.
You stick the killer bee like a pincushion!!!!
You kill the killer bee!
Dithmenos accepts your kill.
A killer bee comes into view.
The helpless killer bee fails to defend itself.
You skewer the killer bee like a kebab!!!!
You kill the killer bee!
Dithmenos accepts your kill.
You see here a killer bee corpse.
The helpless killer bee fails to defend itself.
You stick the killer bee like a pincushion!!!!
You kill the killer bee!
Dithmenos accepts your kill.
You see here 2 boomerangs.
The helpless killer bee fails to defend itself.
You skewer the killer bee like a kebab!!!!
You kill the killer bee!
Dithmenos accepts your kill.
You see here a killer bee corpse.
A kobold comes into view.
It is wielding a +0 club. 2 kobolds come into view.
A kobold is wielding a +2 short sword of draining.
A kobold is wielding a +0 short sword and quivering poisoned darts.
Found an escape hatch in the ceiling.
Casting: Summon Guardian Golem (dangerous; 5% risk of failure)
Confirm with . or Enter, or press ? or * to list all spells.
You miscast Summon Guardian Golem.
You are very lightly contaminated with residual magic.
Nothing appears to happen.
You start resting.
A kobold is nearby!
Casting: Summon Guardian Golem (dangerous; 5% risk of failure)
Confirm with . or Enter, or press ? or * to list all spells.
A guardian golem appears, shielding your allies.
You swap places.
Found a scroll labelled QUSIUN RUTHEA.
The kobold hits your guardian golem but does no damage.
The kobold hits your guardian golem but does no damage.
The kobold completely misses your guardian golem.
The kobold hits your guardian golem but does no damage.
Your magical contamination has completely faded away.
The kobold hits your guardian golem but does no damage.
The kobold hits your guardian golem but does no damage.
The kobold hits your guardian golem but does no damage.
The kobold hits your guardian golem with a +0 club.
The kobold barely misses your guardian golem.
The kobold hits your guardian golem but does no damage.
The kobold hits your guardian golem but does no damage.
The kobold hits your guardian golem but does no damage.
The kobold hits your guardian golem but does no damage.
The kobold hits your guardian golem but does no damage.
The kobold hits your guardian golem but does no damage.
The kobold hits your guardian golem but does no damage.
The kobold hits your guardian golem but does no damage.
The kobold hits your guardian golem but does no damage.
The kobold hits your guardian golem but does no damage.
The kobold hits your guardian golem with a +0 club.
The kobold hits your guardian golem with a +0 club.
The kobold hits your guardian golem but does no damage.
The kobold completely misses your guardian golem.
The kobold hits your guardian golem but does no damage.
The kobold hits your guardian golem but does no damage.
The kobold hits your guardian golem but does no damage.
The kobold hits your guardian golem but does no damage.
A kobold is nearby!
The kobold hits your guardian golem but does no damage.
The kobold hits your guardian golem with a +0 club.
The kobold hits your guardian golem with a +0 club.
There is an escape hatch in the ceiling here.
The kobold hits your guardian golem but does no damage.
The kobold hits your guardian golem but does no damage.
The kobold hits your guardian golem but does no damage.
Your guardian golem disappears in a puff of smoke!
The kobold hits you but does no damage.
You hit the kobold.
You kill the kobold!
Dithmenos accepts your kill.
Things that are here:
a +0 club; a kobold corpse
Casting: Summon Guardian Golem (dangerous; 5% risk of failure)
Confirm with . or Enter, or press ? or * to list all spells.
A kobold comes into view.
It is wielding a +0 dagger of venom and quivering poisoned darts.
A kobold brigand comes into view.
It is wielding a +0 dagger and quivering poisoned darts.
The kobold shouts! x3
The kobold hits your hound with a +2 short sword of draining.
The kobold drains your hound.
The kobold hits your hound with a +0 short sword.
Your hound bites the kobold.
Your hound bites the kobold but does no damage.
The kobold throws a poisoned dart.
The poisoned dart hits your hound!
Your hound is poisoned.
The kobold hits you but does no damage.
The kobold brigand throws a poisoned dart.
The poisoned dart misses your hound. The poisoned dart hits you!
You barely miss the kobold.
Your hound bites the kobold.
The kobold dies!
Dithmenos accepts your kill.
You closely miss the kobold. The kobold barely misses you.
The kobold throws a poisoned dart.
The poisoned dart closely misses your hound.
The poisoned dart misses the kobold.
The poisoned dart completely misses you.
The kobold brigand throws a poisoned dart.
The poisoned dart hits your hound!
Your hound looks as sick as possible!
Your hound barely misses the kobold.
You hit the kobold.
You kill the kobold!
Dithmenos accepts your kill.
Your hound bites the kobold.
The kobold dies!
Dithmenos accepts your kill.
The kobold brigand throws a poisoned dart.
The poisoned dart misses your hound.
The poisoned dart completely misses you.
Things that are here:
a +0 dagger of venom; 6 poisoned darts The kobold brigand barely misses your hound.
Your hound barely misses the kobold brigand.
Your hound dies!
Your hound's corpse disappears in a puff of smoke!
The kobold brigand hits you with a +0 dagger.
You hit the kobold brigand.
The kobold brigand is lightly wounded.
The kobold brigand misses you.
You hit the kobold brigand.
The kobold brigand is poisoned.
The kobold brigand is moderately wounded.
You barely miss the kobold brigand.
The kobold brigand is moderately wounded.
The kobold brigand closely misses you.
You barely miss the kobold brigand.
The kobold brigand is moderately wounded.
You closely miss the kobold brigand.
The kobold brigand is moderately wounded.
The kobold brigand misses you.
You hit the kobold brigand.
The kobold brigand looks as sick as possible!
The kobold brigand is moderately wounded.
You hit the kobold brigand.
The kobold brigand looks as sick as possible!
The kobold brigand is moderately wounded.
The kobold brigand closely misses you.
You hit the kobold brigand but do no damage.
The kobold brigand looks as sick as possible!
The kobold brigand is heavily wounded.
You hit the kobold brigand but do no damage.
The kobold brigand looks as sick as possible!
The kobold brigand is heavily wounded.
The kobold brigand closely misses you.
You hit the kobold brigand.
The kobold brigand is heavily wounded.
Casting: Call Canine Familiar (safe; 1% risk of failure)
Confirm with . or Enter, or press ? or * to list all spells.
The kobold brigand hits you with a +0 dagger.
You hit the kobold brigand but do no damage.
The kobold brigand looks as sick as possible!
The kobold brigand is severely wounded.
The kobold brigand misses you.
You hit the kobold brigand.
The kobold brigand is almost dead.
The kobold brigand hits you with a +0 dagger.
You miss the kobold brigand.
The kobold brigand is almost dead.
You hit the kobold brigand.
You kill the kobold brigand!
Dithmenos accepts your kill.
Your Armour skill increases to level 3!
i - 21 poisoned darts (gained 3)
Things that are here:
a +0 dagger; a kobold corpse
i - 27 poisoned darts (gained 6)
Things that are here:
a +0 short sword; a kobold corpse
Things that are here:
a +2 short sword of draining; a stone
i - 33 poisoned darts (gained 6)
You see here a +0 dagger of venom.
Things that are here:
a +2 short sword of draining; a stone
V - a +2 short sword of draining HP restored.
A white imp comes into view.
Found a stone staircase leading down.
The white imp gestures at you. The puff of frost hits you!
You completely miss the white imp.
Your hound closely misses the white imp.
You barely miss the white imp.
Your hound disappears in a puff of smoke!
The white imp misses you.
You hit the white imp.
The white imp is moderately wounded.
You hit the white imp.
The white imp is heavily wounded.
The white imp misses you.
You hit the white imp.
The white imp is poisoned.
The white imp is severely wounded.
You kill the white imp!
Dithmenos accepts your kill.
Magic restored.
Things that are here:
a +0 club; a kobold corpse
There is an escape hatch in the ceiling here.
x - 2 scrolls labelled QUSIUN RUTHEA (gained 1)
Found a stone staircase leading down.
There is a stone staircase leading down here.
Casting: Call Canine Familiar (safe; 1% risk of failure)
Confirm with . or Enter, or press ? or * to list all spells.
A guardian golem appears, shielding your allies.
The two-headed ogre hits something with a +0 giant club!! x2
Your guardian golem overheats!
Something hits your guardian golem.
Your guardian golem disappears in a puff of smoke!
Your guardian golem explodes!
You hear a bellow!
Casting: Summon Guardian Golem (dangerous; 5% risk of failure)
Confirm with . or Enter, or press ? or * to list all spells.
A guardian golem appears, shielding your allies.
What are your orders? t - Shout!
Orders for allies: a - Attack new target. r - Retreat! s - Stop attacking. g - Guard the area. f - Follow me.
Anything else - Cancel.
Gang up on whom?
Press: ? - help, Dir - move target, f - two-headed ogre
Aim: a two-headed ogre, wielding two +0 giant clubs (grey smoke, moderately wounded) Attack!
The two-headed ogre hits your guardian golem with a +0 giant club!!
The two-headed ogre hits your guardian golem with a +0 giant club!
Your guardian golem overheats!
The two-headed ogre completely misses your guardian golem. x2
The two-headed ogre hits your guardian golem with a +0 giant club.
Flame seeps out of your guardian golem.
The two-headed ogre hits your guardian golem with a +0 giant club!!
Your guardian golem disappears in a puff of smoke!
Your guardian golem explodes!
The fiery explosion engulfs the two-headed ogre!!!
The two-headed ogre is engulfed in blazing flames.
The two-headed ogre dies!
Dithmenos accepts your kill.
Training target 6.0 for Air Magic reached!
Your Air Magic skill increases to level 6!
You start resting.
Magic restored.
You open the door.
There is an open door here.
An electric eel is nearby!
Throw: 33 darts (poison)
Press: ? - help, Q - select action, (/) - cycle Shift-Dir - straight line, f - electric eel
Aim: an electric eel (wandering, hasn't noticed you, 38% to hit)
You throw a poisoned dart.
The poisoned dart misses the electric eel.
The electric eel shoots out a bolt of lightning at you!
The bolt of electricity hits you.
Unknown command.
Throw: 32 darts (poison)
Press: ? - help, Q - select action, (/) - cycle Shift-Dir - straight line, f/p - electric eel
Aim: an electric eel (38% to hit)
You throw a poisoned dart.
The poisoned dart barely misses the electric eel.
You hear a splash.
The electric eel shoots out a bolt of lightning at you!
The bolt of electricity hits you!
Unknown command.
Throw: 31 darts (poison)
Press: ? - help, Q - select action, (/) - cycle Shift-Dir - straight line, f/p - electric eel
Aim: an electric eel (38% to hit)
You throw a poisoned dart.
The poisoned dart hits the electric eel.
The electric eel is poisoned.
You hear a splash.
The electric eel shoots out a bolt of lightning at you!
The bolt of electricity hits you!
Unknown command.
Throw: 30 darts (poison)
Press: ? - help, Q - select action, (/) - cycle Shift-Dir - straight line, f/p - electric eel
Aim: an electric eel (poisoned, 38% to hit)
You throw a poisoned dart.
The poisoned dart hits the electric eel.
You hear a splash.
Unknown command.
Throw: 29 darts (poison)
Press: ? - help, Q - select action, (/) - cycle Shift-Dir - straight line, f/p - electric eel
Aim: an electric eel (poisoned, 38% to hit)
You throw a poisoned dart.
The poisoned dart closely misses the electric eel.
You hear a splash.
Unknown command.
Throw: 28 darts (poison)
Press: ? - help, Q - select action, (/) - cycle Shift-Dir - straight line, f/p - electric eel
Aim: an electric eel (lightly wounded, poisoned, 38% to hit)
You throw a poisoned dart.
The poisoned dart barely misses the electric eel.
You hear a splash.
There is an open door here.
You start resting.
Magic restored.
There is an open door here.
Throw: 27 darts (poison)
Press: ? - help, Q - select action, (/) - cycle Shift-Dir - straight line, f/p - electric eel
Aim: an electric eel (lightly wounded, 38% to hit)
You throw a poisoned dart.
The poisoned dart hits the electric eel.
The electric eel is poisoned.
The electric eel is lightly wounded.
You hear a splash.
Throw: 26 darts (poison)
Press: ? - help, Q - select action, (/) - cycle Shift-Dir - straight line, f/p - electric eel
Aim: an electric eel (lightly wounded, poisoned, 38% to hit)
You throw a poisoned dart.
The poisoned dart closely misses the electric eel.
You hear a splash.
Throw: 25 darts (poison)
Press: ? - help, Q - select action, (/) - cycle Shift-Dir - straight line, f/p - electric eel
Aim: an electric eel (lightly wounded, poisoned, 38% to hit)
You throw a poisoned dart.
The poisoned dart hits the electric eel.
The electric eel looks even sicker.
The electric eel is lightly wounded.
You hear a splash.
You start resting.
An electric eel is nearby!
Your +3 dagger of venom stops dripping with poison.
b - a +0 arbalest (weapon)
You shoot a bolt.
The bolt closely misses the electric eel.
The electric eel shoots out a bolt of lightning at you!
The bolt of electricity hits you!
There is an open door here.
You start resting.
Dithmenos accepts your kill.
You hear a splash.
You feel a bit more experienced.
You start resting.
Magic restored.
You start resting.
HP restored.
The electric eel shoots out a bolt of lightning at you!
The bolt of electricity hits you.
You shoot a bolt.
The bolt barely misses the electric eel.
The electric eel shoots out a bolt of lightning at you!
The bolt of electricity hits you!
You shoot a bolt. The bolt misses the electric eel.
The electric eel shoots out a bolt of lightning at you!
The bolt of electricity hits you!
You shoot a bolt.
The bolt barely misses the electric eel.
The electric eel shoots out a bolt of lightning at you!
The bolt of electricity misses you.
The electric eel shoots out a bolt of lightning at you!
The bolt of electricity hits you!
You shoot a bolt. The bolt misses the electric eel.
You shoot a bolt. The bolt misses the electric eel.
The electric eel shoots out a bolt of lightning at you!
The bolt of electricity hits you!
The electric eel shoots out a bolt of lightning at you!
The bolt of electricity hits you!
* * * LOW HITPOINT WARNING * * *
There is an open door here.
You start resting.
Magic restored.
You start resting.
HP restored.
There is an open door here.
No target in view!
You enter the shallow water.
Moving in this stuff is going to be slow.
i - 28 poisoned darts (gained 4)
i - 29 poisoned darts (gained 1)
i - 32 poisoned darts (gained 3)
You shoot a bolt.
The bolt closely misses the electric eel.
The electric eel shoots out a bolt of lightning at you!
The bolt of electricity hits you!
You shoot a bolt. The bolt hits the electric eel.
The electric eel is lightly wounded.
The electric eel shoots out a bolt of lightning at you!
The bolt of electricity hits you.
You shoot a bolt. The bolt hits the electric eel!
The electric eel is severely wounded.
The electric eel shoots out a bolt of lightning at you!
The bolt of electricity hits you!
You shoot a bolt. The bolt hits the electric eel.
You kill the electric eel!
Dithmenos accepts your kill.
You start resting.
Magic restored.
HP restored.
Found a chain mail.
r - 12 scrolls labelled XUTTUU PURCHOI (gained 1)
A killer bee comes into view.
Your +3 dagger of venom begins to drip with poison!
a - a +3 dagger of venom (weapon)
The killer bee completely misses you.
You hit the killer bee but do no damage.
The killer bee is poisoned.
The killer bee closely misses you. x2
You hit the killer bee.
The killer bee looks as sick as possible!
The killer bee is moderately wounded.
The killer bee stings you but does no damage.
You miss the killer bee.
The killer bee is moderately wounded.
The killer bee barely misses you.
You hit the killer bee.
The killer bee is severely wounded.
The killer bee completely misses you.
You closely miss the killer bee.
The killer bee is severely wounded.
The killer bee misses you.
You miss the killer bee. Your punch misses the killer bee.
The killer bee is almost dead.
You kill the killer bee!
Dithmenos accepts your kill. 2 killer bees come into view.
The helpless killer bee fails to defend itself.
You spit the killer bee like a pig!!!!
You kill the killer bee!
Dithmenos accepts your kill.
You see here a killer bee corpse.
The helpless killer bee fails to defend itself.
You stick the killer bee like a pincushion!!!!
You kill the killer bee!
Dithmenos accepts your kill. 2 killer bees come into view.
Found a potion of curing.
You see here a killer bee corpse.
The helpless killer bee fails to defend itself.
You skewer the killer bee like a kebab!!!!
You kill the killer bee!
Dithmenos accepts your kill.
Things that are here:
a potion of curing; a killer bee corpse The helpless killer bee fails to defend itself.
You spit the killer bee like a pig!!!!
You kill the killer bee!
Dithmenos accepts your kill.
p - 6 potions of curing (gained 1)
You see here a killer bee corpse.
A water moccasin comes into view.
The helpless water moccasin fails to defend itself.
You skewer the water moccasin like a kebab!!!!
You kill the water moccasin!
Dithmenos accepts your kill.
You pick up a Young Poisoner's Handbook and begin reading...
You add the spells Sting, Poisonous Vapours and Olgreb's Toxic Radiance to your library.
You open the door.
There is an open door here.
A polar bear comes into view.
An unseen horror simulacrum comes into view.
A white imp comes into view.
The helpless polar bear fails to defend itself.
You stick the polar bear like a pincushion!!!!
You kill the polar bear!
Dithmenos accepts your kill.
Your Stealth skill increases to level 11!
Your Spellcasting skill increases to level 5!
The white imp shouts!
Something shouts, "Embrace submission, thou puking fool-born mule!"
The unseen horror simulacrum completely misses you.
The unseen horror simulacrum barely misses you. x2
The white imp gestures at you. The puff of frost hits you.
You hit the unseen horror simulacrum.
The unseen horror simulacrum is lightly damaged.
The unseen horror simulacrum closely misses you. x2
Your +3 dagger of venom stops dripping with poison.
Your +0 falchion of holy wrath softly glows with a divine radiance!
h - a +0 falchion of holy wrath (weapon)
The unseen horror simulacrum completely misses you.
A white imp comes into view.
You hit the unseen horror simulacrum but do no damage.
The unseen horror simulacrum is lightly damaged.
The unseen horror simulacrum barely misses you. x2
The unseen horror simulacrum completely misses you.
Casting: Summon Guardian Golem (dangerous; 4% risk of failure)
Confirm with . or Enter, or press ? or * to list all spells.
The unseen horror simulacrum closely misses you.
The unseen horror simulacrum misses you. x2
You slash the unseen horror simulacrum!
The unseen horror simulacrum convulses.
The unseen horror simulacrum is severely damaged.
The unseen horror simulacrum completely misses you.
The unseen horror simulacrum misses you.
Your hound barely misses the unseen horror simulacrum.
The unseen horror simulacrum misses you.
The unseen horror simulacrum misses you.
The unseen horror simulacrum closely misses you.
Your hound bites the unseen horror simulacrum.
The unseen horror simulacrum hits you.
The unseen horror simulacrum freezes you!
The white imp hits you but does no damage.
Your hound completely misses the unseen horror simulacrum.
You hit the unseen horror simulacrum.
The unseen horror simulacrum convulses.
The unseen horror simulacrum vaporises!
Dithmenos accepts your kill.
Your hound bites the white imp but does no damage.
The white imp misses you. The white imp closely misses you.
You closely miss the white imp.
Your hound closely misses the white imp.
Your hound bites the white imp but does no damage.
The white imp hits you but does no damage.
The white imp picks up a beetle and eats it.
The white imp misses you.
You hit the white imp.
The white imp convulses.
The white imp is moderately wounded.
Your hound misses the white imp. The white imp misses you.
The white imp barely misses you.
Your hound bites the white imp but does no damage.
You hit the white imp.
The white imp convulses.
The white imp is almost dead.
Your hound bites the white imp but does no damage.
The white imp barely misses you. The white imp closely misses you.
Your hound bites the white imp.
The white imp dies!
Dithmenos accepts your kill. The white imp misses you.
You closely miss the white imp. The white imp completely misses you.
You hit the white imp.
The white imp convulses.
The white imp is severely wounded.
Your hound bites the white imp but does no damage.
Your hound bites the white imp.
The white imp barely misses your hound.
You barely miss the white imp.
The white imp is almost dead.
Your hound bites the white imp.
The white imp dies!
Dithmenos accepts your kill.
Your +0 falchion of holy wrath stops glowing.
Your +3 dagger of venom begins to drip with poison!
a - a +3 dagger of venom (weapon)
You start resting.
Your hound disappears in a puff of smoke!
HP restored.
You start resting.
Magic restored.
A wolf and a wraith come into view.
A centaur simulacrum and 4 yaks come into view.
Found a scroll labelled XUTTUU PURCHOI.
The yak bellows! x3; The wolf howls!
The wolf bites you. The yak closely misses you.
Casting: Call Canine Familiar (safe; 1% risk of failure)
Confirm with . or Enter, or press ? or * to list all spells.
A guardian golem appears, shielding your allies.
The wolf closely misses you. The yak closely misses you. The wolf bites you.
The wolf barely misses you.
You see here 2 scrolls labelled LAERAAMAISCH.
You swap places.
The wolf closely misses you. The wolf attacks as you move away!
The wolf barely misses you. The wolf misses you. The wolf barely misses you.
The wolf attacks as you move away! The wolf completely misses you.
The wolf bites you but does no damage.
Casting: Summon Guardian Golem (dangerous; 4% risk of failure)
Confirm with . or Enter, or press ? or * to list all spells.
A guardian golem appears, shielding your allies.
The wolf barely misses you. The wolf closely misses you.
The wolf closely misses you.
You swap places.
The wolf bites your guardian golem but does no damage.
The wolf bites your guardian golem.
The wolf bites your guardian golem but does no damage.
The wolf bites your guardian golem but does no damage. x2
The wolf bites your guardian golem! The wolf bites your guardian golem! x2
Your guardian golem overheats!
Casting: Summon Guardian Golem (dangerous; 4% risk of failure)
Confirm with . or Enter, or press ? or * to list all spells.
The wolf bites your guardian golem but does no damage.
The yak barely misses you. The wolf bites your guardian golem.
Flame seeps out of your guardian golem.
Your guardian golem is engulfed in blazing flames.
Flame seeps out of your guardian golem.
You completely miss the yak. The yak misses you.
The wolf bites your guardian golem. Flame seeps out of your guardian golem.
You hit the yak but do no damage.
The yak is poisoned.
Your guardian golem is engulfed in blazing flames.
Flame seeps out of your guardian golem.
The wolf bites your guardian golem but does no damage.
You barely miss the yak. The yak completely misses you.
You hit the yak.
The yak is lightly wounded.
The wolf bites your guardian golem but does no damage.
Your guardian golem is engulfed in blazing flames.
Flame seeps out of your guardian golem.
You hit the yak but do no damage.
The yak looks even sicker.
The yak is lightly wounded.
The wolf bites your guardian golem.
Your guardian golem disappears in a puff of smoke!
Your guardian golem explodes!
The fiery explosion engulfs the wolf!!
The wolf dies!
Dithmenos accepts your kill.
The fiery explosion engulfs the wraith!!!
The wraith is destroyed!
Dithmenos accepts your kill. The yak barely misses you. The yak gores you.
Unknown command.
Your hound bites the yak.
The yak attacks as you move away! The yak misses you.
Your hound bites the yak.
The yak gores your hound.
You hear a bellow!
Your hound closely misses the yak.
Your hound bites the yak.
The yak gores your hound.
You hit the yak but do no damage.
The yak looks as sick as possible!
The yak is moderately wounded.
Your hound barely misses the yak.
You barely miss the yak.
The yak is moderately wounded.
The yak misses your hound. The yak closely misses you.
You completely miss the yak.
The yak is moderately wounded.
Your hound bites the yak.
Unknown command.
Your hound barely misses the yak.
Something gores your hound!
Casting: Call Canine Familiar (safe; 1% risk of failure)
Confirm with . or Enter, or press ? or * to list all spells.
An electric hum fills the air.
The yak barely misses your lightning spire.
The yak barely misses your hound.
Your hound closely misses the yak.
You hit the yak.
The yak is heavily wounded.
The yak misses you. The yak gores your hound.
The yak closely misses your hound.
Your hound bites the yak.
You hit the yak.
The yak looks as sick as possible!
The yak is severely wounded.
Your lightning spire shoots out a bolt of lightning at the yak!
The bolt of electricity hits the yak. x2; Your hound bites the yak.
You catch the helpless yak completely off-guard!
You impale the yak!!
You kill the yak!
Dithmenos accepts your kill. The yak gores your hound.
The yak closely misses your hound.
You hit the yak.
The yak is moderately wounded.
Your hound bites the yak.
Your lightning spire shoots out a bolt of lightning at the yak!
The bolt of electricity hits the yak!
You hit the yak.
The yak is severely wounded.
The yak gores your hound.
Your hound dies!
Your hound's corpse disappears in a puff of smoke!
The yak closely misses you.
You hit the yak but do no damage.
The yak is poisoned.
The yak is severely wounded.
You hit the yak.
The yak looks even sicker.
The yak is severely wounded.
The yak barely misses you.
You barely miss the yak.
The yak is severely wounded.
You hit the yak.
The yak is severely wounded.
The yak gores your lightning spire!
You hit the yak but do no damage.
The yak looks as sick as possible!
The yak is severely wounded.
Your lightning spire shoots out a bolt of lightning at the yak!
The bolt of electricity hits the yak!
The yak dies!
Dithmenos accepts your kill.
The bolt of electricity hits the yak.
Throw: 32 darts (poison)
Press: ? - help, Q - select action, (/) - cycle Shift-Dir - straight line, f - yak
Aim: a yak (moderately wounded, umbra, 69% to hit)
You throw a poisoned dart. The poisoned dart hits the yak.
The yak is poisoned.
The yak is moderately wounded.
Your lightning spire shoots out a bolt of lightning at the yak!
The bolt of electricity hits the yak!
You hit the yak but do no damage.
The yak is heavily wounded.
The yak gores your lightning spire but does no damage.
You hit the yak.
The yak looks even sicker.
The yak is severely wounded.
Your lightning spire shoots out a bolt of lightning at the yak!
The bolt of electricity hits the yak.
The bolt of electricity hits the yak!
You hit the yak but do no damage.
The yak looks as sick as possible!
The yak is severely wounded.
The yak gores your lightning spire!
Your lightning spire is destroyed!
Your lightning spire disappears in a puff of smoke!
You hit the yak.
The yak looks as sick as possible!
The yak is almost dead.
Casting: Summon Lightning Spire (dangerous; 10% risk of failure)
Confirm with . or Enter, or press ? or * to list all spells.
An electric hum fills the air.
The yak gores your lightning spire!
You hit the yak but do no damage.
The yak looks as sick as possible!
The yak is almost dead.
You kill the yak!
Dithmenos accepts your kill.
Your shadow now sometimes tangibly mimics your actions.
You hit the yak.
The yak is poisoned.
The yak is heavily wounded.
Your lightning spire shoots out a bolt of lightning at the yak!
The bolt of electricity hits the yak.
You puncture the yak!
The yak is severely wounded.
The yak closely misses you.
You hit the yak.
The yak is almost dead.
The yak misses you.
You hit the yak.
The yak looks as sick as possible!
The yak is almost dead.
You kill the yak!
Dithmenos accepts your kill.
Your Dodging skill increases to level 6!
You start resting.
Your lightning spire disappears in a puff of smoke!
Magic restored.
Things that are here:
a yak corpse; a yak corpse
i - 32 poisoned darts (gained 1)
You see here a wolf corpse.
J - 4 scrolls labelled LAERAAMAISCH (gained 2)
A centaur simulacrum is nearby!
Casting: Summon Lightning Spire (dangerous; 10% risk of failure)
Confirm with . or Enter, or press ? or * to list all spells.
The centaur simulacrum completely misses you.
The centaur simulacrum closely misses you.
You hit the centaur simulacrum.
The centaur simulacrum is heavily damaged.
The centaur simulacrum hits you but does no damage.
The centaur simulacrum completely misses you.
Your hound bites the centaur simulacrum.
You strike the helpless centaur simulacrum from behind!
You impale the centaur simulacrum!!
The centaur simulacrum vaporises!
Dithmenos accepts your kill.
You swap places.
r - 13 scrolls labelled XUTTUU PURCHOI (gained 1)
You swap places.
You swap places.
You swap places.
A yak comes into view.
Found a tin of tremorstones (2/2).
The yak completely misses you.
You hit the yak.
The yak is poisoned.
The yak is lightly wounded.
The yak gores you but does no damage.
You hit the yak but do no damage.
The yak looks as sick as possible!
The yak is lightly wounded.
You closely miss the yak.
The yak is lightly wounded.
The yak misses you.
You hit the yak.
The yak looks as sick as possible!
The yak is moderately wounded.
You barely miss the yak.
The yak is moderately wounded.
The yak gores you!
You hit the yak.
The yak is moderately wounded.
The yak closely misses your hound.
Your hound bites the yak.
Your hound bites the yak but does no damage.
The yak misses your hound.
Your hound bites the yak.
The yak snorts and paws the ground.
The yak gores your hound!
Your hound bites the yak.
Your hound closely misses the yak.
The yak barely misses your hound.
Your hound bites the yak.
The yak dies!
Dithmenos accepts your kill.
HP restored.
You now have 483 gold pieces (gained 13).
A yak comes into view.
You swap places.
A polar bear comes into view.
Found a scroll labelled LAERAAMAISCH.
The helpless yak fails to defend itself.
You skewer the yak like a kebab!!!!
You kill the yak!
Dithmenos accepts your kill.
The helpless polar bear fails to defend itself.
You stick the polar bear like a pincushion!!!!
You kill the polar bear!
Dithmenos accepts your kill.
Training target 9.0 for Summonings reached!
Your Short Blades skill increases to level 10!
Your Summonings skill increases to level 9!
You see here a polar bear corpse.
J - 5 scrolls labelled LAERAAMAISCH (gained 1)
You see here a tin of tremorstones (2/2).
W - a tin of tremorstones (2/2)
You see here a yak corpse.
Your hound disappears in a puff of smoke!
A white imp comes into view.
Found a scroll labelled KORUECK UTHRURI.
The white imp shouts!
The white imp completely misses you.
You hit the white imp.
The white imp is lightly wounded.
The white imp gestures at you. The puff of frost hits you!
Casting: Call Canine Familiar (safe; 1% risk of failure)
Confirm with . or Enter, or press ? or * to list all spells.
The white imp hits you but does no damage.
You hit the white imp.
The white imp is moderately wounded.
You hit the white imp but do no damage.
The white imp is moderately wounded.
Your hound bites the white imp.
The white imp barely misses you.
You hit the white imp but do no damage.
The white imp is heavily wounded.
Your hound bites the white imp.
You barely miss the white imp.
The white imp is almost dead.
The white imp hits you. The white imp freezes you.
You closely miss the white imp.
The white imp is almost dead.
Your hound misses the white imp. You hit the white imp.
You kill the white imp!
Dithmenos accepts your kill.
Found 9 gold pieces.
X - a scroll labelled KORUECK UTHRURI Your hound disappears in a puff of smoke!
You now have 492 gold pieces (gained 9).
There is an open door here.
You enter the shallow water.
Moving in this stuff is going to be slow.
You enter the shallow water.
Moving in this stuff is going to be slow.
You enter the shallow water.
Moving in this stuff is going to be slow.
Done exploring.
Done exploring.
Things that are here:
a +0 giant club; a +0 giant club
There is a stone staircase leading down here.
Unknown command.
Okay, then.
Unknown command.
As you read the scroll labelled XUTTUU PURCHOI, it crumbles to dust.
It is a scroll of identify.
d - 2 scrolls of torment
As you read the scroll of identify, it crumbles to dust.
f - a scroll of fear
As you read the scroll of identify, it crumbles to dust.
n - a scroll of brand weapon
As you read the scroll of identify, it crumbles to dust.
P - a scroll of acquirement
As you read the scroll of identify, it crumbles to dust.
Q - a scroll of vulnerability
As you read the scroll of identify, it crumbles to dust.
X - a scroll of immolation
As you read the scroll of identify, it crumbles to dust.
D - 2 scrolls of silence
As you read the scroll of identify, it crumbles to dust.
x - 2 scrolls of noise
As you read the scroll of identify, it crumbles to dust.
l - 3 scrolls of poison
As you read the scroll of identify, it crumbles to dust.
t - 4 scrolls of fog
As you read the scroll of identify, it crumbles to dust.
J - 5 scrolls of amnesia
Okay, then.
Unknown command.
Okay, then.
Unknown command.
Unknown command.
Unknown command.
As you read the scroll of identify, it crumbles to dust.
g - 2 potions of haste Something appears at your feet!
There is a stone staircase leading down here.
You see here a +2 rapier of venom.
P - a +2 rapier of venom Adjust to which letter? (? for menu, Esc to quit)
a - a +2 rapier of venom;
P - a +3 dagger of venom (weapon)
Adjust to which letter? (? for menu, Esc to quit)
d - a +3 dagger of venom (weapon);
P - 2 scrolls of torment Your +3 dagger of venom stops dripping with poison.
Your +2 rapier of venom begins to drip with poison!
a - a +2 rapier of venom (weapon)
Done exploring.
There is a stone staircase leading down here.
You climb downwards.
You hear the roar of battle.
There is an entrance to a bailey on this level.
Hurry and find it before the portal closes forever!
There is a stone staircase leading up here.
Okay, then.
Unknown command.
Found Great Wizards, Vol.
VII.
A hornet comes into view.
Casting: Call Canine Familiar (safe; 1% risk of failure)
Confirm with . or Enter, or press ? or * to list all spells.
The helpless hornet fails to defend itself.
You perforate the hornet like a sieve!!!!
You kill the hornet!
Dithmenos accepts your kill.
A yak comes into view.
You swap places. 3 yaks come into view.
The yak bellows! x2; You hear a bellow!
A yak comes into view.
The yak attacks as you move away! The yak gores you.
Your hound bites the yak.
The yak gores you.
Your hound closely misses the yak.
Casting: Call Canine Familiar (safe; 1% risk of failure)
Confirm with . or Enter, or press ? or * to list all spells.
An electric hum fills the air.
The yak gores you! The yak barely misses you.
Your hound barely misses the yak.
Casting: Summon Lightning Spire (dangerous; 10% risk of failure)
Confirm with . or Enter, or press ? or * to list all spells.
A guardian golem appears, shielding your allies.
Your hound bites the yak.
The yak gores you! x2; Your hound bites the yak.
The yak attacks as you move away! The yak barely misses you.
Your hound barely misses the yak.
Your hound bites the yak but does no damage.
Your hound splashes around in the water.
The yak attacks as you move away! The yak completely misses you.
The yak gores your guardian golem but does no damage.
The yak attacks as you move away! The yak barely misses you.
Your hound bites the yak but does no damage.
The yak attacks as you move away! The yak barely misses you.
The yak gores your guardian golem but does no damage.
The yak attacks as you move away! The yak barely misses you.
Your hound bites the yak.
The yak attacks as you move away! The yak closely misses you.
Something gores your hound! The yak attacks as you move away!
The yak misses you. The yak attacks as you move away!
The yak gores you but does no damage. The yak attacks as you move away!
The yak completely misses you.
Your hound closely misses the yak.
There is a stone staircase leading up here.
The yak gores you but does no damage. The yak barely misses you.
Something gores your guardian golem but does no damage.
You climb upwards.
There is a stone staircase leading down here.
Casting: Summon Guardian Golem (dangerous; 4% risk of failure)
Confirm with . or Enter, or press ? or * to list all spells.
Okay, then.
Unknown command.
The yak misses you. The yak closely misses you. The yak gores you!
Casting: Summon Guardian Golem (dangerous; 4% risk of failure)
Confirm with . or Enter, or press ? or * to list all spells.
A guardian golem appears, shielding your allies.
The yak closely misses you.
Casting: Summon Guardian Golem (dangerous; 4% risk of failure)
Confirm with . or Enter, or press ? or * to list all spells.
Okay, then.
Casting: Summon Guardian Golem (dangerous; 4% risk of failure)
Confirm with . or Enter, or press ? or * to list all spells.
A guardian golem appears, shielding your allies.
Your guardian golem disappears in a puff of smoke!
The yak gores you!
* * * LOW HITPOINT WARNING * * *
The yak attacks as you move away! The yak gores you!
You die...

Skill      XL: |  1  2  3  4  5  6  7  8  9 10 11 |
---------------+----------------------------------+-----
Stealth        | 3 4 5 6 8 9 10 11 | 11.3
Short Blades   | 1 2 4 5 6 8 9 10 | 10.0
Spellcasting   | 3 4 5 |  5.4
Summonings     | 5 6 7 8 9 |  9.0
Hexes          | 1 3 4 |  4.0
Air Magic      | 3 5 6 |  6.0
Armour         | 1 2 3 |  3.8
Dodging        | 3 4 6 |  6.1

Action                   |  1- 3 |  4- 6 |  7- 9 | 10-12 || total
-------------------------+-------+-------+-------+-------++-------
Melee: Unarmed           |    20 |       |       |       ||    20
       Hand axe          |    43 |       |       |       ||    43
       Short sword       |    20 |       |       |       ||    20
       Dagger            |    11 |    68 |   223 |   206 ||   508
       Rapier            |       |    17 |    30 |     1 ||    48
       Punch             |       |     3 |     7 |     1 ||    11
       Falchion          |       |       |    12 |     9 ||    21
 Fire: Arbalest          |       |       |       |    11 ||    11
Throw: Dart              |       |     1 |       |    10 ||    11
 Cast: Summon Small Mamm |    12 |       |     1 |       ||    13
       Call Canine Famil |     5 |    15 |    32 |    16 ||    68
       Summon Guardian G |       |       |     4 |    19 ||    23
       Summon Lightning  |       |       |       |     4 ||     4
  Use: Potion            |       |     3 |     3 |       ||     6
       Scroll            |       |       |     2 |    13 ||    15
 Stab: Sleeping          |    17 |    13 |    11 |    34 ||    75
       Distracted        |     1 |     1 |     4 |     2 ||     8
Armor: Robe              |    26 |     7 |    16 |       ||    49
       Skin              |       |    11 |       |       ||    11
       Acid dragon scale |       |       |     4 |    27 ||    31
Dodge: Dodged            |    84 |    36 |   196 |   180 ||   496

Levels and vault maps discovered:
D:1:      spicycebolla_arrival_risky_transporter, layout_loops_ring,
          serial_forest, infiniplex_forest_end_3, infiniplex_forest_straight_3,
          infiniplex_forest_clump_small, infiniplex_forest_clump_large,
          infiniplex_forest_clump_curved, infiniplex_forest_join,
          infiniplex_forest_straight_4, infiniplex_forest_lined_room_,
          minmay_heptomino_w4
D:2:      layout_loops_ring, basic_altar, serial_shops, shop
D:3:      layout_rooms, serial_shops, nicolae_shop_waterfront,
          grunt_ministairs_9, uniq_ijyb
D:4:      layout_rooms, minitemple, minmay_temple_entry_offerings,
          minmay_manual_mess
D:5:      corexii_shantytown, layout_basic, nicolae_overflow_hidden_temple,
          fountainhead, minivault_14, st_stairs_11, uniq_eustachio
D:6:      layout_rooms, uniq_blork_the_orc, uniq_prince_ribbit1, uniq_maggie,
          uniq_menkaure
D:7:      layout_basic
D:8:      layout_cave_pools, gammafunk_temple_overflow_claw,
          dreamdust_gnoll_shepherd
D:9:      layout_basic, serial_ice, serial_ice_b, serial_ice_n, serial_ice_l,
          serial_ice_c, serial_ice_e, serial_ice_a, serial_ice_f, serial_ice_h,
          serial_ice_o, serial_ice_m
D:10:     layout_irregular_city, ebering_ghost_inner_flame, enter_bailey_3,
          hangedman_weighted_door, minivault_16
Temple:   hellmonk_temple_divided_pantheon

Notes
Turn   | Place    | Note
-------+----------+-------------------------------------------
     0 | D:1      | scionoferis the Kobold Summoner began the quest for the
                  | Orb.
     0 | D:1      | Reached XP level 1. HP: 10/10 MP: 3/3
   129 | D:1      | Reached XP level 2. HP: 12/15 MP: 3/5
   161 | D:1      | Reached skill level 3 in Stealth
   902 | D:1      | Reached XP level 3. HP: 19/19 MP: 6/6
  1121 | D:1      | Learned a level 3 spell: Call Canine Familiar
  1140 | D:2      | Found Tyivveh's Armour Emporium.
  1894 | D:2      | Found a glowing silver altar of Zin.
  1966 | D:3      | Reached skill level 1 in Short Blades
  2015 | D:3      | Reached XP level 4. HP: 13/24 MP: 4/8
  2094 | D:3      | Found Junesch's Book Shoppe.
  2196 | D:3      | Noticed Ijyb
  2204 | D:3      | Killed Ijyb
  2497 | D:3      | Reached skill level 3 in Spellcasting
  2497 | D:3      | Reached XP level 5. HP: 28/28 MP: 5/9
  2541 | D:3      | Reached skill level 4 in Stealth
  2809 | D:4      | Reached skill level 2 in Short Blades
  2809 | D:4      | Reached skill level 5 in Summonings
  2828 | D:4      | Noticed a phantom
  2966 | D:4      | Reached XP level 6. HP: 18/32 MP: 4/10
  3072 | D:4      | Reached skill level 3 in Short Blades
  3220 | D:4      | Found a staircase to the Ecumenical Temple.
  3228 | Temple   | Entered the Ecumenical Temple
  3231 | Temple   | Found a transporter.
  3231 | Temple   | Found a transporter.
  3233 | Temple   | Found a transporter.
  3233 | Temple   | Found a transporter.
  3289 | Temple   | Became a worshipper of Dithmenos the Shadowed
  3448 | D:3      | Reached skill level 5 in Stealth
  3599 | D:4      | Reached skill level 4 in Short Blades
  3599 | D:4      | Reached XP level 7. HP: 16/36 MP: 6/11
  3754 | D:4      | Reached skill level 6 in Stealth
  3941 | D:4      | Found a blossoming altar of Fedhas.
  3943 | D:4      | Found a basalt altar of Yredelemnul.
  3949 | D:4      | Found a hide-covered altar of Uskayaw.
  3950 | D:4      | Found a white marble altar of Elyvilon.
  4211 | D:4      | Reached skill level 6 in Summonings
  4216 | D:4      | Learned a level 3 spell: Summon Guardian Golem
  4245 | D:5      | Entered Level 5 of the Dungeon
  4351 | D:5      | Reached skill level 5 in Short Blades
  4351 | D:5      | Reached skill level 1 in Hexes
  4555 | D:5      | Reached XP level 8. HP: 19/41 MP: 6/12
  4666 | D:5      | Reached skill level 7 in Stealth
  4768 | D:5      | Reached * piety under Dithmenos
  4860 | D:5      | Identified the +0 robe of Courage {rC+}
  4872 | D:5      | Reached skill level 2 in Hexes
  5106 | D:5      | Reached skill level 6 in Short Blades
  5305 | D:5      | Reached skill level 3 in Hexes
  5465 | D:5      | Reached skill level 8 in Stealth
  5485 | D:5      | Noticed Eustachio
  5490 | D:5      | Killed Eustachio
  5491 | D:5      | Reached skill level 7 in Summonings
  5491 | D:5      | Reached XP level 9. HP: 45/45 MP: 13/13
  6069 | D:6      | Noticed Prince Ribbit
  6076 | D:5      | Found an ancient bone altar of Kikubaaqudgha.
  6076 | D:5      | Found a radiant altar of Vehumet.
  6116 | D:5      | Killed Prince Ribbit
  6117 | D:5      | Reached skill level 7 in Short Blades
  6173 | D:5      | Learned a level 4 spell: Summon Lightning Spire
  6208 | D:6      | Noticed Menkaure
  6219 | D:6      | Killed Menkaure
  6220 | D:6      | Reached skill level 4 in Hexes
  6257 | D:5      | Reached skill level 1 in Air Magic
  6405 | D:6      | Noticed Maggie
  6515 | D:6      | Killed Maggie
  6516 | D:6      | Reached skill level 9 in Stealth
  6687 | D:6      | Reached skill level 2 in Air Magic
  6716 | D:6      | Reached ** piety under Dithmenos
  6920 | D:6      | Reached skill level 8 in Short Blades
  6920 | D:6      | Reached skill level 1 in Armour
  7046 | D:6      | Noticed Blork the orc
  7061 | D:6      | Reached skill level 3 in Dodging
  7172 | D:5      | Reached skill level 3 in Air Magic
  7387 | D:6      | Killed Blork the orc
  7388 | D:6      | Reached XP level 10. HP: 50/50 MP: 12/14
  8035 | D:7      | Reached skill level 8 in Summonings
  8555 | D:7      | Reached skill level 4 in Air Magic
  8881 | D:8      | Reached skill level 10 in Stealth
  8888 | D:8      | Reached skill level 4 in Dodging
  8994 | D:8      | Noticed a two-headed ogre
  9012 | D:8      | Killed a two-headed ogre
  9013 | D:8      | Reached skill level 2 in Armour
  9552 | D:8      | Found a bloodstained altar of Trog.
  9552 | D:8      | Found a snail-covered altar of Cheibriados.
  9552 | D:8      | Found a stormy altar of Qazlal.
  9611 | D:8      | Reached skill level 9 in Short Blades
  9611 | D:8      | Reached skill level 4 in Spellcasting
  9611 | D:8      | Reached skill level 5 in Air Magic
  9809 | D:9      | Reached XP level 11. HP: 35/54 MP: 4/17
  9863 | D:9      | Reached skill level 5 in Dodging
  9925 | D:9      | Reached *** piety under Dithmenos
 10343 | D:9      | Noticed a two-headed ogre
 10570 | D:9      | Reached skill level 3 in Armour
 10689 | D:9      | Killed a two-headed ogre
 10690 | D:9      | Reached skill level 6 in Air Magic
 11166 | D:9      | Reached skill level 11 in Stealth
 11166 | D:9      | Reached skill level 5 in Spellcasting
 11275 | D:9      | Reached **** piety under Dithmenos
 11280 | D:9      | Reached skill level 6 in Dodging
 11565 | D:9      | Reached skill level 10 in Short Blades
 11565 | D:9      | Reached skill level 9 in Summonings
 11800 | D:9      | Identified a scroll of acquirement
 11810 | D:9      | Acquired a +2 rapier of venom
 11817 | D:10     | Entered Level 10 of the Dungeon
 11863 | D:9      | Slain by a yak

Vanquished Creatures
  A two-headed ogre (D:8)
  Maggie (D:6)
  2 polar bears (D:9)
  A hornet (D:10)
  A wyvern (D:9)
  Eustachio (D:5)
  An unseen horror simulacrum (D:9)
  4 yaks (D:9)
  3 water moccasins (D:7 D:8 D:9)
  2 black bears (D:5 D:7)
  2 wolves (D:9)
  2 centaurs (D:5 D:7)
  2 phantoms (D:4 D:5)
  A kobold brigand (D:9)
  A necrophage (D:5)
  2 bullfrogs (D:8)
  5 scorpions (D:4 D:3 D:5)
  2 wights (D:6)
  12 killer bees (D:8 D:9)
  3 electric eels (D:9)
  5 howler monkeys (D:4 D:6 D:7)
  2 hounds (D:5 D:7)
  2 orc priests (D:4 D:9)
  A gnoll bouda (D:7)
  6 iguanas (D:4 D:5 D:6)
  Ijyb (D:3)
  7 orc wizards (D:5 D:7 D:9)
  A centaur simulacrum (D:9)
  7 adders (D:3 D:4 D:5 D:6)
  6 gnolls (D:4 D:5 D:7)
  A shadow imp (D:8)
  4 white imps (D:6 D:9)
  2 ufetubi (D:6 D:7)
  A worm (D:3)
  2 dart slugs (D:2 D:3)
  12 orcs (D:3 D:5 D:6 D:7 D:8)
  6 endoplasms (D:1 D:2 D:3 D:4)
  3 giant cockroaches (D:1 D:4)
  9 hobgoblins (D:1 D:2 D:3 D:4 D:5)
  2 jackals (D:2 D:4)
  A quokka (D:3)
  3 ball pythons (D:1 D:2 D:3)
  2 bats (D:3)
  A frilled lizard (D:2)
  8 goblins (D:1 D:2 D:3 D:5)
  10 kobolds (D:1 D:3 D:5 D:9)
  2 rats (D:3)
156 creatures vanquished.

Vanquished Creatures (collateral kills)
  Prince Ribbit (D:5)
  3 yaks (D:9)
  A steam dragon (D:8)
  Menkaure (D:6)
  A water moccasin (D:5)
  An ice beast (D:9)
  2 ogres (D:5 D:6)
  A centaur (D:6)
  A phantom (D:4)
  A howler monkey (D:5)
  A gnoll bouda (D:8)
  An orc priest (D:9)
  A centaur simulacrum (D:9)
  3 gnolls (D:4)
  4 adders (D:4 D:5)
  2 white imps (D:9)
  2 dart slugs (D:1 D:4)
  8 orcs (D:3 D:5 D:9)
  3 ball pythons (D:1 D:4)
  A bat (D:1)
  An endoplasm (D:2)
  A giant cockroach (D:1)
  2 goblins (D:1 D:5)
  5 hobgoblins (D:1 D:5)
  4 jackals (D:2 D:4)
  A quokka (D:2)
  A frilled lizard (D:3)
  8 kobolds (D:5 D:9)
  2 rats (D:1)
64 creatures vanquished.

Vanquished Creatures (others)
  A two-headed ogre (D:9)
  4 dream sheep (D:8)
  A wraith (D:9)
  An orc warrior (D:6)
  A wolf (D:9)
  Blork the orc (D:6)
  2 wights (D:6)
  3 plants (D:5)
14 creatures vanquished.

Grand Total: 234 creatures vanquished

Table legend: (Time is in decaauts)
 A = Elapsed time spent in this place.
 B = Non-inter-level travel time spent in this place.
 C = Inter-level travel time spent in this place.
 D = Time resting spent in this place.
 E = Time spent auto-exploring this place.
 F = Levels seen in this place.
 G = Mean time per level.
                   A        B        C        D        E       F      G
               +--------+--------+--------+--------+--------+-----+--------+
         Total |  11716 |  11136 |    580 |   1997 |   6751 |  11 | 1065.1 |
       Dungeon |  11634 |  11063 |    571 |   1997 |   6717 |  10 | 1163.4 |
        Temple |     81 |     72 |      9 |      0 |     34 |   1 |   81.0 |
               +--------+--------+--------+--------+--------+-----+--------+

Top non-repeatable levels by time:
     D:5: 2058 daAuts
     D:9: 1972 daAuts
     D:4: 1292 daAuts
     D:7: 1248 daAuts
     D:1: 1199 daAuts
     D:6: 1037 daAuts
     D:3: 1032 daAuts
     D:8: 887 daAuts
     D:2: 869 daAuts
  Temple: 81 daAuts
    D:10: 36 daAuts

Table legend:
 A = Non-vault XP
 B = Vault XP
 C = Vault XP percentage of total XP
 D = Non-vault monster count
 E = Vault monster count
 F = Vault count percentage of total count
                 A         B        C        D         E       F
            +---------+---------+-------+---------+---------+-------
      Total |    8342 |    4595 |  35.5 |     160 |      71 |  30.7
            +---------+---------+-------+---------+---------+-------
        D:1 |      18 |      13 |  41.9 |      12 |       6 |  33.3
        D:2 |      26 |       0 |   0.0 |      13 |       0 |   0.0
        D:3 |     122 |      50 |  29.1 |      21 |       3 |  12.5
        D:4 |     479 |      74 |  13.4 |      18 |       4 |  18.2
        D:5 |    1057 |     784 |  42.6 |      19 |      33 |  63.5
        D:6 |     838 |     666 |  44.3 |      15 |       3 |  16.7
        D:7 |     741 |       0 |   0.0 |      15 |       0 |   0.0
        D:8 |    1547 |    1044 |  40.3 |      11 |       5 |  31.2
        D:9 |    3253 |    1964 |  37.6 |      35 |      17 |  32.7
       D:10 |     261 |       0 |   0.0 |       1 |       0 |   0.0
            +---------+---------+-------+---------+---------+-------
